 Dungeon Crawl Stone Soup version 0.30.1-4-g462c640d31 (webtiles) character file.

Game seed: 10791494727499454410

1019 snarfax the Cleaver (level 8, -3/64 HPs)
             Began as a Minotaur Fighter on Sept 16, 2023.
             Was a Follower of Elyvilon.
             Succumbed to Edmund's poison
             ... on level 5 of the Dungeon.
             The game lasted 00:11:18 (4726 turns).

snarfax the Cleaver (Minotaur Fighter)              Turns: 4726, Time: 00:11:19

Health: -3/64      AC:  6    Str: 23    XL:     8   Next: 2%
Magic:  7/7        EV:  9    Int:  5    God:    Elyvilon [*.....]
Gold:   76         SH:  5    Dex: 10    Spells: 7/7 levels left

rFire   . . .        a - +1 war axe
rCold   . . .        c - +1 buckler
rNeg    . . .        b - +0 scale mail
rPois   .            (helmet restricted)
rElec   .            (no cloak)
rCorr   .            (no gloves)
SInv    .            (no boots)
Will    .....        (no amulet) Stlth
                     (no ring)
HPRegen 0.30/turn    (no ring)
MPRegen 0.10/turn

%: no passive effects
@: lethally poisoned (-3 -> -29), flying, invisible
A: horns 2, retaliatory headbutt
a: Renounce Religion, Purification


You were on level 5 of the Dungeon.
You worshipped Elyvilon.
Elyvilon was aware of your devotion.
You visited 2 branches of the dungeon, and saw 6 of its levels.
You also visited: Ossuary.

You collected 230 gold pieces.
You spent 154 gold pieces at shops.

Inventory:

Hand Weapons
 a - a +1 war axe (weapon)
Missiles
 h - 2 poisoned darts
 i - 2 javelins (quivered)
 p - 5 atropa-tipped darts
 x - 2 throwing nets
Armour
 b - a +0 scale mail (worn)
 c - a +1 buckler (worn)
Jewellery
 g - an amulet of guardian spirit
Scrolls
 f - a scroll of teleportation
 l - a scroll of amnesia
Potions
 d - 2 potions of might
 j - 3 potions of brilliance
 k - a potion of berserk rage {unknown}
 m - 2 potions of mutation
 n - a potion of resistance
 o - 2 potions of magic
 s - a potion of haste
 w - a potion of ambrosia {unknown}
 z - a potion of cancellation


   Skills:
 - Level 3.6 Fighting
 + Level 11.3 Axes
 - Level 3.6 Armour
 - Level 3.6 Shields


You had 7 spell levels left.
You didn't know any spells.
Your spell library contained the following spells:

 Spells                   Type           Power      Damage    Failure   Level
 Ensorcelled Hibernation  Hex/Ice        0%         N/A       94%         2
 Inner Flame              Hex/Fire       0%         N/A       99%         3
 Ozocubu's Armour         Ice            0%         N/A       99%         3
 Volatile Blastmotes      Fire/Tloc      0%         2d10      99%         3
 Fulminant Prism          Conj/Hex       0%         3d5       100%        4
 Iskenderun's Mystic Bla  Conj/Tloc      0%         2d3       100%        4
 Leda's Liquefaction      Hex/Erth       0%         N/A       100%        4
 Lee's Rapid Deconstruct  Erth           0%         3d4*      100%        5
 Yara's Violent Unravell  Hex/Tmut       0%         3d3       100%        5
 Enfeeble                 Hex            0%         N/A       100%        7
 Ozocubu's Refrigeration  Ice            0%         4d7       100%        7


Dungeon Overview and Level Annotations

Branches:
Dungeon (5/15)             Temple (1/1) D:4         Ossuary (visited)

Altars:
Dithmenos
Elyvilon
Fedhas
Gozag
Hepliaklqana
Makhleb
Qazlal
Ru
Sif Muna
Trog
Uskayaw
Vehumet
Xom
Zin
The Shining One

Shops:
D:1 (!:[

Annotations:
D:5 Edmund


Innate Abilities, Weirdness & Mutations

You have a pair of horns on your head.
You reflexively headbutt those who attack you in melee.


Message History

Edmund is heavily wounded.
You feel very sick.
Edmund hits you with a +4 flail of venom!
You hit Edmund but do no damage.
Edmund is heavily wounded.
You feel very sick.
Edmund hits you with a +4 flail of venom!
You are more poisoned.
You hit Edmund but do no damage.
Edmund is heavily wounded.
* * * LOW HITPOINT WARNING * * *
You feel very sick. You block Edmund's attack.
You feel better.
Edmund hits you with a +4 flail of venom.
* * * LOW HITPOINT WARNING * * *
You are poisoned.
You hit Edmund.
Edmund is heavily wounded.
You feel very sick.
You hit Edmund.
Edmund is heavily wounded.
You feel sick. Edmund closely misses you.
You barely miss Edmund.
Edmund is heavily wounded.
You feel sick.
Edmund hits you with a +4 flail of venom.
* * * LOW HITPOINT WARNING * * *
You are lethally poisoned!
It was a potion of flight.
You feel very buoyant.
You fly up into the air.
* * * LOW HITPOINT WARNING * * *
You feel very sick.
Edmund hits you with a +4 flail of venom.
* * * LOW HITPOINT WARNING * * *
You are more poisoned.
It was a potion of invisibility.
You fade into invisibility!
You die...

......# ###
#..####
#.#####
#..#####.#
#.
#........# #
#.######## #
#.#
#.##.####
#.......#
.....##.##.#
##.# #@# # #
#@# #.# [..
... ##..#
#... .(.(


You could see Edmund (unable to see you).

Vanquished Creatures
  Sigmund (D:2)
  A bullfrog (D:4)
  2 scorpions
  2 centaur zombies (Ossuary)
  A hound (D:5)
  A jelly (D:5)
  3 iron imps (D:3)
  Terence (D:2)
  3 iguanas
  Natasha (thrice) (D:2)
  2 orc wizards
  5 mummies (Ossuary)
  3 adders
  A gnoll (D:5)
  2 worms (D:4)
  3 dart slugs
  12 orcs
  8 endoplasms
  2 giant cockroaches
  11 goblins
  16 hobgoblins
  10 jackals
  2 quokkas
  6 ball pythons
  4 bats
  4 frilled lizards
  3 hobgoblin zombies (Ossuary)
  13 kobolds
  5 rats
130 creatures vanquished.

Notes
Turn   | Place    | Note
-------+----------+-------------------------------------------
     0 | D:1      | snarfax the Minotaur Fighter began the quest for the Orb.
     0 | D:1      | Reached XP level 1. HP: 19/19 MP: 0/0
    21 | D:1      | Reached skill level 3 in Axes
    57 | D:1      | Reached XP level 2. HP: 24/26 MP: 1/1
   160 | D:1      | Reached skill level 4 in Axes
   170 | D:1      | Found Ranu's Antique Armour Boutique.
   381 | D:1      | Found Cyuman's Distillery.
   392 | D:1      | Found Cedyssax's Book Shop.
   408 | D:1      | Found Vypashin's Antique Weapon Boutique.
   531 | D:1      | Reached XP level 3. HP: 30/31 MP: 2/2
   763 | D:2      | Noticed Natasha
   771 | D:2      | Killed Natasha
   772 | D:2      | Reached skill level 5 in Axes
   997 | D:2      | Noticed Terence
  1005 | D:2      | Killed Terence
  1006 | D:2      | Reached XP level 4. HP: 39/39 MP: 3/3
  1069 | D:2      | Noticed a scorpion
  1076 | D:2      | Killed a scorpion
  1077 | D:2      | Reached skill level 6 in Axes
  1077 | D:2      | Reached XP level 5. HP: 39/45 MP: 4/4
  1162 | D:2      | Noticed Sigmund
  1167 | D:2      | Killed Sigmund
  1168 | D:2      | Reached skill level 8 in Axes
  1168 | D:2      | Reached XP level 6. HP: 47/51 MP: 5/5
  1250 | D:2      | Noticed Natasha
  1256 | D:2      | Killed Natasha
  1340 | D:2      | Noticed Natasha
  1347 | D:2      | Killed Natasha
  1877 | D:3      | Found a faded altar of an unknown god.
  2158 | D:3      | Found a shadowy altar of Dithmenos.
  2502 | D:3      | Found a hazy altar of Hepliaklqana.
  2541 | D:3      | Found a burning altar of Makhleb.
  2567 | D:3      | Reached skill level 9 in Axes
  2910 | D:1      | Bought a potion of haste for 110 gold pieces
  2910 | D:1      | Bought a potion of might for 44 gold pieces
  3055 | D:4      | Got the Octavo of the Cursed Deep Freeze
  3066 | D:4      | Reached XP level 7. HP: 49/57 MP: 6/6
  3205 | D:4      | Found a sand-covered staircase.
  3214 | Ossuary  | Entered an ossuary
  3296 | Ossuary  | Reached skill level 10 in Axes
  3488 | D:4      | Found a staircase to the Ecumenical Temple.
  3507 | Temple   | Entered the Ecumenical Temple
  3517 | Temple   | Became a worshipper of Elyvilon the Healer
  4184 | D:5      | Entered Level 5 of the Dungeon
  4358 | D:5      | Reached skill level 11 in Axes
  4457 | D:5      | Reached * piety under Elyvilon
  4465 | D:5      | Noticed Edmund
  4704 | D:5      | Reached XP level 8. HP: 46/64 MP: 7/7
  4725 | D:5      | HP: 3/64 [Edmund/+4 flail of venom (4)]
  4726 | D:5      | Succumbed to Edmund's poison

Illustrated notes

Levels and vault maps discovered:
D:1:      psy_arrival_spokes, layout_basic, serial_shops, shop, shop, shop, shop
D:2:      cheibrodos_old_hovel, layout_loops_ring, kennysheep_nub,
          minmay_domino_4, uniq_terence, uniq_sigmund, uniq_natasha
D:3:      cheibrodos_greedy_goblins, layout_basic, demons_altar,
          mainiacjoe_overflow_surrounded_room,
          mainiacjoe_overflow_small_starburst,
          dreamdust_ecumenical_altar_statues, columned_hall_lemuel,
          lexackson_kobold_supper
D:4:      layout_loops_ring, minmay_temple_entry_offerings,
          lightli_ossuary_entry_decrepit_ruins, kennysheep_dice
D:5:      layout_loops_cross, uniq_ijyb, uniq_edmund
Temple:   nicolae_temple_no_exploring_needed

Skill      XL: |  1  2  3  4  5  6  7 |
---------------+----------------------+-----
Axes           | 3 4 5 6 8 9 11 | 11.3
Fighting       | |  3.6
Armour         | |  3.6
Shields        | |  3.6

Action                     |  1- 3 |  4- 6 |  7- 9 || total
---------------------------+-------+-------+-------++-------
  Melee: War axe           |    62 |    88 |   122 ||   272
         Headbutt          |     7 |    10 |    20 ||    37
  Throw: Javelin           |       |     9 |     4 ||    13
    Use: Scroll            |     2 |     5 |    12 ||    19
         Potion            |       |       |    10 ||    10
 Armour: Scale mail        |    26 |    22 |    47 ||    95
  Dodge: Dodged            |    26 |    19 |    56 ||   101
  Block: Buckler           |    14 |    16 |    31 ||    61
